 Dungeon Crawl Stone Soup version 0.31.0-32-g396128a36d (webtiles) character file.

Game seed: 14800788847536412561

788 PaiMei the Purveyor of Pain (level 7, -2/52 HPs)
             Began as a Demonspawn Necromancer on Mar 30, 2024.
             Was an Initiate of Kikubaaqudgha.
             Slain by Grinder (5 damage)
             ... on level 5 of the Dungeon.
             The game lasted 00:07:14 (5567 turns).

PaiMei the Purveyor of Pain (DsNe)                  Turns: 5567, Time: 00:07:14

Health: -2/52      AC:  7    Str:  8    XL:     7   Next: 56%
Magic:  13/13      EV: 18    Int: 17    God:    Kikubaaqudgha [......]
Gold:   322        SH:  5    Dex: 20    Spells: 10/14 levels left

rFire   . . .        v - +2 flail (drain)
rCold   . . .        g - +0 buckler
rNeg    . . .        a - +0 robe
rPois   .            r - +2 helmet
rElec   .            (no cloak)
rCorr   .            l - +0 pair of gloves
SInv    .            (no boots)
Will    .....        d - amulet of magic regeneration
Stlth   +++          h - +6 ring of dexterity
HPRegen 0.28/turn    t - +5 ring of evasion
MPRegen 0.53/turn

%: no passive effects
@: no status effects
A: claws 2, sharp scales 1
a: Renounce Religion


You were on level 5 of the Dungeon.
You worshipped Kikubaaqudgha.
Kikubaaqudgha was noncommittal.
You visited 2 branches of the dungeon, and saw 6 of its levels.

You collected 322 gold pieces.

Inventory:

Hand Weapons
 v - a +2 flail of draining (weapon)
Missiles
 s - 5 poisoned darts
Armour
 a - a +0 robe (worn)
 g - a +0 buckler (worn)
 l - a +0 pair of gloves (worn)
 r - a +2 helmet (worn)
Jewellery
 d - an amulet of magic regeneration (around neck)
 h - a +6 ring of dexterity (left hand)
 t - a +5 ring of evasion (right hand)
 y - a +6 ring of dexterity
Wands
 c - a wand of flame (20)
 m - a wand of iceblast (15)
Scrolls
 e - 2 scrolls of identify {unknown}
 f - 4 scrolls of fog {unknown}
 j - 2 scrolls of immolation {unknown}
 k - 3 scrolls of enchant armour {unknown}
 n - 2 scrolls of noise {unknown}
 q - a scroll of vulnerability {unknown}
 u - a scroll of teleportation {unknown}
Potions
 b - 4 potions of magic
 i - 3 potions of attraction {unknown}
 o - a potion of lignification {unknown}
 p - a potion of might {unknown}
 w - 2 potions of cancellation {unknown}
 x - a potion of mutation {unknown}


   Skills:
 + Level 3.1 Fighting
 + Level 4.2 Dodging
 - Level 3.0 Stealth
 + Level 4.2 Spellcasting
 + Level 6.4 Necromancy


You had 10 spell levels left.
You knew the following spells:

 Your Spells              Type           Power      Damage    Failure   Level
a - Necrotise             Necr           100%       1d9       1%          1
b - Vampiric Draining     Necr           25%        2d7       5%          3

Your spell library contained the following spells:

 Spells                   Type           Power      Damage    Failure   Level
 Kiss of Death            Conj/Necr      56%        2d9       7%          1
 Cigotuvi's Dreadful Rot  Necr/Alch/Air  20%        N/A       16%         2
 Animate Dead             Necr           25%        N/A       19%         4
 Dispel Undead            Necr           25%        3d12      19%         4
 Mercury Vapours          Alch/Air       6%         N/A       36%         2
 Curse of Agony           Necr           25%        N/A       45%         5
 Martyr's Knell           Necr/Summ      14%        N/A       54%         4
 Confusing Touch          Hex            3%         N/A       58%         3
 Mephitic Cloud           Conj/Alch/Air  3%         N/A       58%         3
 Death Channel            Necr           12%        N/A       95%         6
 Freezing Cloud           Conj/Ice/Air   1%         6-21      100%        5


Dungeon Overview and Level Annotations

Branches:
Dungeon (5/15)             Temple (1/1) D:5

Altars:
Ashenzari
Cheibriados
Dithmenos
Gozag
Hepliaklqana
Kikubaaqudgha
Makhleb
Nemelex Xobeh
Okawaru
Qazlal
Ru
Sif Muna
Trog
Uskayaw
Vehumet
Wu Jian
Xom
Yredelemnul

Annotations:
D:5 Grinder


Innate Abilities, Weirdness & Mutations

You have very sharp fingernails.
You are partially covered in razor-sharp scales. (AC +1, Slay +1)


Message History

Grinder gestures at you. Pain shoots through your body!
You can move again.
You hit Grinder.
Grinder is lightly wounded.
Grinder hits you.
You writhe in agony.
You hit Grinder.
Grinder is lightly wounded.
Grinder barely misses you. Grinder gestures at you.
You shrug off the repeated paralysis!
You closely miss Grinder.
Grinder is lightly wounded.
Grinder completely misses you.
You hit Grinder but do no damage.
Grinder is lightly wounded.
Grinder closely misses you. Grinder hits you.
You writhe in agony.
You sock Grinder!
Grinder is moderately wounded.
Grinder hits you.
You writhe in agony.
You hit Grinder.
Grinder is heavily wounded.
Grinder closely misses you. Grinder hits you!
You writhe in agony.
* * * LOW HITPOINT WARNING * * *
You hit Grinder.
Grinder is heavily wounded.
Grinder hits you.
* * * LOW HITPOINT WARNING * * *
You barely miss Grinder.
Grinder is heavily wounded.
Grinder says, "Mostly I couldn't keep them alive."
You block Grinder's attack.
You closely miss Grinder.
Grinder is heavily wounded.
Grinder hits you!
* * * LOW HITPOINT WARNING * * *
You writhe in agony.
You die...
Grinder sighs, "Dead already?
I want a refund."
Kikubaaqudgha rasps: "You have failed me!
Welcome... death!"

#..# ##....## #..#
##..## #..# #...##
#..## #....#. #...#
#...... #...#
........ #...##
........ #....##
####......#
##....#####..@5.....#
l..
#.....#......#....##
.. #.#.......#####
..... . ###..######
.... #.## #..# #.#
#..# #.# #..## #.
#...## # #....## ####


You could see Grinder.

Vanquished Creatures
  Menkaure (D:4)
  Edmund (D:4)
  A black bear (D:5)
  A scorpion (D:4)
  A bombardier beetle (D:5)
  A jelly (D:5)
  An orc priest (D:5)
  A hound (D:4)
  Jessica (D:3)
  Ijyb (D:3)
  Terence (D:3)
  2 iguanas
  Natasha (D:2)
  Robin (D:3)
  3 adders
  2 ribbon worms (D:2)
  5 ball pythons
  4 bats
  4 endoplasms
  2 giant cockroaches
  13 goblins
  16 hobgoblins
  2 jackals (D:2)
  11 kobolds
  5 quokkas
  3 frilled lizards
  2 rats (D:2)
87 creatures vanquished.

Vanquished Creatures (collateral kills)
  A ball python (D:3)
  An endoplasm (D:1)
  A bat (D:2)
3 creatures vanquished.

Grand Total: 90 creatures vanquished

Notes
Turn   | Place    | Note
-------+----------+-------------------------------------------
     0 | D:1      | PaiMei the Demonspawn Necromancer began the quest for the
                  | Orb.
     0 | D:1      | Reached XP level 1. HP: 13/13 MP: 3/3
   187 | D:1      | Gained mutation: You have sharp fingernails. [demonic
                  | ancestry]
   187 | D:1      | Reached XP level 2. HP: 17/19 MP: 0/5
   353 | D:1      | Found a faded altar of an unknown god.
   973 | D:2      | Reached XP level 3. HP: 20/24 MP: 2/6
  1709 | D:2      | Noticed Natasha
  1716 | D:2      | Killed Natasha
  1717 | D:2      | Reached XP level 4. HP: 30/30 MP: 1/7
  1947 | D:3      | Noticed Terence
  1955 | D:3      | Killed Terence
  1956 | D:3      | Reached skill level 5 in Necromancy
  2153 | D:3      | Noticed Jessica
  2163 | D:3      | HP: 1/30 [Jessica/puff of flame (12)]
  2165 | D:3      | Killed Jessica
  2166 | D:3      | Gained mutation: You have very sharp fingernails. [demonic
                  | ancestry]
  2166 | D:3      | Reached XP level 5. HP: 2/35 MP: 1/9
  2528 | D:3      | Noticed Ijyb
  2535 | D:3      | Killed Ijyb
  2604 | D:3      | Noticed Robin
  2611 | D:3      | Killed Robin
  3268 | D:4      | Reached skill level 1 in Fighting
  3268 | D:4      | Reached XP level 6. HP: 42/43 MP: 4/10
  3518 | D:4      | Learned a level 3 spell: Vampiric Draining
  3808 | D:4      | Noticed Edmund
  4095 | D:4      | Noticed Menkaure
  4168 | D:4      | Killed Edmund
  4407 | D:4      | Killed Menkaure
  4408 | D:4      | Reached skill level 6 in Necromancy
  4408 | D:4      | Gained mutation: You are partially covered in razor-sharp
                  | scales. (AC +1, Slay +1) [demonic ancestry]
  4408 | D:4      | Reached XP level 7. HP: 30/51 MP: 12/12
  4555 | D:5      | Entered Level 5 of the Dungeon
  4730 | D:5      | Found a staircase to the Ecumenical Temple.
  4742 | Temple   | Entered the Ecumenical Temple
  4980 | Temple   | Became a worshipper of Kikubaaqudgha
  5384 | D:5      | Noticed Grinder
  5556 | D:5      | Paralysed by Grinder for 3 turns
  5567 | D:5      | Slain by Grinder

Illustrated notes

Levels and vault maps discovered:
D:1:      minmay_arrival_plants_in_alcoves, layout_basic,
          shapermc_ecumenical_altar_flowoftime, minmay_misc_feat_secret_circle,
          minmay_gold_behind_fungi
D:2:      layout_rooms, uniq_natasha
D:3:      layout_basic, nicolae_houndstooth_variations, uniq_ijyb, uniq_robin,
          uniq_terence, uniq_jessica
D:4:      layout_basic, uniq_edmund, uniq_menkaure
D:5:      layout_layer_cave, minmay_temple_entry_proselytizer, uniq_grinder
Temple:   minmay_crystal_snake_temple

Skill      XL: |  1  2  3  4  5  6  7 |
---------------+----------------------+-----
Dodging        | 2 3 4 |  4.2
Stealth        | 2 3 |  3.0
Necromancy     | 5 6 |  6.4
Spellcasting   | 3 4 |  4.2
Fighting       | 1 2 3 |  3.1

Action                     |  1- 3 |  4- 6 |  7- 9 || total
---------------------------+-------+-------+-------++-------
  Melee: Whip              |     7 |       |       ||     7
         Unarmed           |     4 |       |       ||     4
         Hand axe          |    17 |    21 |       ||    38
         Flail             |       |    10 |    20 ||    30
   Cast: Necrotise         |    68 |    91 |    18 ||   177
         Vampiric Draining |       |     4 |     8 ||    12
 Armour: Robe              |    21 |    35 |    14 ||    70
  Dodge: Dodged            |    29 |    30 |    11 ||    70
  Block: Buckler           |     1 |    12 |     5 ||    18
